 Dungeon Crawl Stone Soup version 0.26-a0-540-g8a0c9464d7 (webtiles) character file.

Game seed: 15803542502959758980

7 Lanoc the Firebug (level 1, 0/14 HPs)
             Began as a Draconian Fire Elementalist on Aug 15, 2020.
             Slain by a leopard gecko (4 damage)
             ... on level 3 of the Dungeon.
             The game lasted 00:00:50 (158 turns).

Lanoc the Firebug (Draconian Fire Elementalist)      Turns: 158, Time: 00:00:50

Health: 0/14       AC:  4    Str: 10    XL:     1   Next: 91%
Magic:  0/3        EV: 12    Int: 15    God:
Gold:   15         SH:  0    Dex: 11    Spells: 3/4 levels left

rFire    . . .     SeeInvis .   (no weapon)
rCold    . . .     Faith    .   (no shield)
rNeg     . . .     Spirit   .   (armour unavailable)
rPois    .         Reflect  .   (helmet restricted)
rElec    .         Harm     .   (no cloak)
rCorr    .                      (no gloves)
MR       .....                  (no boots)
Stlth    ++........             (no amulet)
HPRegen  0.04/turn              a - ring of wizardry
MPRegen  0.08/turn              (no ring)

@: very slightly contaminated
A: unfitting armour, cold-blooded, AC +4
a: no special abilities


You were on level 3 of the Dungeon.
You visited 1 branch of the dungeon, and saw 3 of its levels.

You collected 15 gold pieces.

Inventory:

Jewellery
 a - a ring of wizardry (left hand)
Scrolls
 b - a scroll of immolation {unknown}


   Skills:
 + Level 2.0 Dodging
 - Level 1.7 Stealth
 - Level 2.0 Spellcasting
 - Level 1.0 Conjurations
 * Level 3.3 Fire Magic


You had 3 spell levels left.
You knew the following spells:

 Your Spells              Type           Power        Failure   Level
a - Foxfire               Conj/Fire      #...         3%          1

Your spell library contained the following spells:

 Spells                   Type           Power        Failure   Level
 Conjure Flame            Conj/Fire      #.......     11%         3
 Inner Flame              Hex/Fire       #.......     13%         3
 Sticky Flame             Conj/Fire      #.......     32%         4
 Fireball                 Conj/Fire      #.........   65%         5


Dungeon Overview and Level Annotations

Branches:
Dungeon (3/15)

Altars:

Annotations:
D:2 Terence


Innate Abilities, Weirdness & Mutations

Your plain brown scales are hard. (AC +4)
You cannot fit into any form of body armour.
You are cold-blooded and may be slowed by cold attacks.


Message History

The leopard gecko hisses angrily.
A hobgoblin comes into view.
The hobgoblin shouts!
The goblin hits you.
Found a jewelled gold wand.
Found a stone staircase leading down.
You barely miss the goblin. The leopard gecko bites you.
* * * LOW HITPOINT WARNING * * *
The goblin misses you.
Found a stone staircase leading up.
Casting: Foxfire (safe; 3% risk of failure)
Confirm with . or Enter, or press ? or * to list all spells.
You miscast Foxfire.
You are very lightly contaminated with residual magic.
Nothing appears to happen.
The leopard gecko barely misses you. x2
The goblin closely misses you.
Casting: Foxfire (safe; 3% risk of failure)
Confirm with . or Enter, or press ? or * to list all spells.
You conjure some foxfire!
The leopard gecko closely misses you. The leopard gecko bites you.
You die...

#.#.##### ##.#.....
# #..>....##.##...
###<...##....../..
###............##...
#..............#
#.......gg######
#..##v.l#.###
#....v@.....#
##.#.#......# ...
.......# ##
####....# #....#
.#### .#


You could see a leopard gecko, a hobgoblin and a goblin.

Vanquished Creatures
  A goblin (D:1)
  4 jackals (D:1)
  A rat (D:3)
6 creatures vanquished.

Vanquished Creatures (others)
  14 foxfires
14 creatures vanquished.

Grand Total: 20 creatures vanquished

Notes
Turn   | Place    | Note
-------+----------+-------------------------------------------
     0 | D:1      | Lanoc the Draconian Fire Elementalist began the quest for
                  | the Orb.
     0 | D:1      | Reached XP level 1. HP: 14/14 MP: 3/3
   130 | D:2      | Noticed Terence
   158 | D:3      | Slain by a leopard gecko

Illustrated notes

Levels and vault maps discovered:
D:1:      dpeg_arrival_rooms_a, layout_loops_ring, serial_forest,
          infiniplex_forest_straight_4, infiniplex_forest_diagonal,
          infiniplex_forest_lined_2, infiniplex_forest_end_double,
          infiniplex_forest_straight_5, infiniplex_forest_straight_3
D:2:      layout_loops_ring, uniq_terence
D:3:      layout_loops_cross, lightli_temple_of_fire, portal_sewer_entry_e,
          minmay_misc_feat_plants, grunt_ministairs_4, minmay_gold_behind_fungi,
          uniq_ijyb

Skill      XL: |  1 |
---------------+----+-----
Dodging        | 2 |  2.0
Stealth        | |  1.7
Spellcasting   | |  2.0
Conjurations   | |  1.0
Fire Magic     | |  3.3

Action                   || total
-------------------------++-------
Melee: Unarmed           ||     4
 Cast: Foxfire           ||    11
Armor: Skin              ||     5
Dodge: Dodged            ||    18

Table legend: (Time is in decaauts)
 A = Elapsed time spent in this place.
 B = Non-inter-level travel time spent in this place.
 C = Inter-level travel time spent in this place.
 D = Time resting spent in this place.
 E = Time spent auto-exploring this place.
 F = Levels seen in this place.
 G = Mean time per level.
                   A        B        C        D        E       F      G
               +--------+--------+--------+--------+--------+-----+--------+
         Total |    157 |    157 |      0 |      0 |     74 |   3 |   52.3 |
       Dungeon |    157 |    157 |      0 |      0 |     74 |   3 |   52.3 |
               +--------+--------+--------+--------+--------+-----+--------+

Top non-repeatable levels by time:
     D:1: 129 daAuts
     D:3: 23 daAuts
     D:2: 3 daAuts
